 Dungeon Crawl Stone Soup version 0.28.0-53-g5a82cb258f (webtiles) character file.

Game seed: 15690098859960263664

65 NoAnimeNoLife the Conjurer (level 3, -2/19 HPs)
             Began as a Deep Elf Conjurer on June 1, 2022.
             Slain by Terence
             ... wielding a +1 vorpal mace
              (3 damage)
             ... on level 2 of the Dungeon.
             The game lasted 00:01:41 (1764 turns).

NoAnimeNoLife the Conjurer (Deep Elf Conjurer)      Turns: 1764, Time: 00:01:41

Health: -2/19      AC:  2    Str:  4    XL:     3   Next: 92%
Magic:  3/10       EV: 12    Int: 24    God:
Gold:   84         SH:  0    Dex: 13    Spells: 7/10 levels left

rFire   . . .      SeeInvis .   (no weapon)
rCold   . . .      Faith    .   (no shield)
rNeg    . . .      Spirit   .   a - +0 robe
rPois   .          Reflect  .   (no helmet)
rElec   .          Harm     .   (no cloak)
rCorr   .          Rampage  .   (no gloves)
Will    .....                   (no boots)
Stlth   ++........              (no amulet)
HPRegen 0.06/turn               (no ring)
MPRegen 0.12/turn               (no ring)

@: no status effects
A: no striking features
a: no special abilities


You were on level 2 of the Dungeon.
You visited 1 branch of the dungeon, and saw 2 of its levels.

You collected 84 gold pieces.

Inventory:

Armour
 a - a +0 robe (worn)
Jewellery
 d - a ring of ice
Scrolls
 b - a scroll of identify {unknown}
 c - a scroll of amnesia {unknown}
 e - a scroll of summoning {unknown}
 f - a scroll of magic mapping {unknown}
Potions
 g - a potion of lignification {unknown}


   Skills:
 - Level 2.4 Dodging
 - Level 2.4 Stealth
 + Level 4.1 Spellcasting
 * Level 5.6 Conjurations


You had 7 spell levels left.
You knew the following spells:

 Your Spells              Type           Power      Damage    Failure   Level
a - Magic Dart            Conj           100%       1d8       1%          1
b - Searing Ray           Conj           64%        2d6       1%          2

Your spell library contained the following spells:

 Spells                   Type           Power      Damage    Failure   Level
 Dazzling Flash           Conj/Hex       36%        N/A       9%          3
 Stone Arrow              Conj/Erth      36%        3d9       9%          3
 Freeze                   Ice            16%        1d4       10%         1
 Sandblast                Erth           8%         2d5       10%         1
 Passwall                 Tmut/Erth      3%         N/A       14%         2
 Frozen Ramparts          Ice            8%         1d2       28%         3
 Fulminant Prism          Conj/Hex       9%         3d7       30%         4
 Hailstorm                Conj/Ice       18%        3d6       30%         4
 Iskenderun's Mystic Bla  Conj/Tloc      18%        2d6       30%         4
 Ice Form                 Ice/Tmut       4%         N/A       67%         4
 Summon Ice Beast         Ice/Summ       4%         N/A       67%         4


Dungeon Overview and Level Annotations

Branches:
Dungeon (2/15)

Altars:

Shops:
D:1 *

Annotations:
D:2 Terence


Message History

Terence shouts!
A bat comes into view.
There are monsters nearby!
The magic dart hits the goblin.
The goblin is severely wounded.
There are monsters nearby!
The magic dart hits Terence but does no damage.
Terence hits you with a +1 vorpal mace.
There are monsters nearby!
The magic dart hits Terence.
Terence is moderately wounded.
Terence barely misses you.
There are monsters nearby!
Terence looks scornfully at you.
There is a stone staircase leading down here.
The bat closely misses you. The bat closely misses you. The bat misses you.
The bat barely misses you.
Casting: Magic Dart (safe; 1% risk of failure)
Confirm with . or Enter, or press ? or * to list all spells.
Aiming: Searing Ray (safe; 1% risk of failure)
Press: ? - help, Shift-Dir - straight line, f - goblin, p - Terence
Aim: a goblin, wielding a +0 dagger (heavily wounded, 74% to hit)
The searing ray hits the bat.
You kill the bat!
The searing ray hits Terence!
Terence is severely wounded.
The searing ray hits the goblin!
You kill the goblin! (Press . to maintain the ray.)
The searing ray hits Terence.
Terence is almost dead.
Terence drinks a potion.
Terence is healed!
The searing ray hits Terence.
Terence is heavily wounded.
Terence hits you with a +1 vorpal mace!
Ouch! That really hurt!
* * * LOW HITPOINT WARNING * * *
You die...

###...#######.#...#####.#
#.....#.#.....#.#.....#
##..#.#.##..###.#.#####
#....#.....#...#.#
##...#...#.#.###.#
#...#........##.#
##..#.#...#..##.#
##..#)#####.....#
#.....).@@..#####
#.#.>########
#..........# ####...###.#
###g# ... ....# .....#
......#


You could see Terence.

Vanquished Creatures
  3 adders (D:2)
  An endoplasm (D:1)
  A giant cockroach (D:1)
  4 goblins (D:2)
  5 hobgoblins
  3 quokkas
  2 ball pythons
  3 bats
  7 frilled lizards
  6 kobolds
  5 rats
40 creatures vanquished.

Notes
Turn   | Place    | Note
-------+----------+-------------------------------------------
     0 | D:1      | NoAnimeNoLife the Deep Elf Conjurer began the quest for the
                  | Orb.
     0 | D:1      | Reached XP level 1. HP: 10/10 MP: 6/6
   353 | D:1      | Found Ypunk's Assorted Antiques.
   422 | D:1      | Reached XP level 2. HP: 15/15 MP: 5/8
   625 | D:1      | Found a faded altar of an unknown god.
   739 | D:1      | Reached skill level 5 in Conjurations
  1056 | D:1      | Learned a level 2 spell: Searing Ray
  1218 | D:2      | Reached XP level 3. HP: 19/19 MP: 5/10
  1750 | D:2      | Noticed Terence
  1764 | D:2      | Slain by Terence

Illustrated notes

Levels and vault maps discovered:
D:1:      pf_arrival_petrified_forest, layout_basic, serial_shops,
          nicolae_shop_temple_entry_statues_fountains,
          shapermc_ecumenical_altar_mp_highgroup, minivault_5
D:2:      layout_basic, uniq_terence

Skill      XL: |  1  2  3 |
---------------+----------+-----
Conjurations   | 5 |  5.6
Spellcasting   | 4 |  4.1
Dodging        | |  2.4
Stealth        | |  2.4

Action                   || total
-------------------------++-------
 Cast: Magic Dart        ||    78
       Searing Ray       ||     1
Dodge: Dodged            ||     7
